[Event "EYTCC Open U18 2022"]
[Site "Thessaloniki"]
[Date "2022.07.18"]
[Round "7.10"]
[White "Rozen, Eytan"]
[Black "Juhasz, Agoston"]
[Result "1-0"]
[ECO "A36"]
[WhiteElo "2465"]
[BlackElo "2344"]
[Annotator "TA"]
[PlyCount "55"]
[EventDate "2022.07.12"]
[EventType "team-tourn"]
[EventCountry "GRE"]
[SourceTitle "playchess.com"]
[Source "ChessBase"]
[SourceQuality "1"]
[WhiteTeam "Israel"]
[BlackTeam "Hungary"]
[WhiteTeamCountry "ISR"]
[BlackTeamCountry "HUN"]
[TimeControl "40/5400+30:1800+30"]

1. c4 g6 2. Nc3 c5 3. g3 Bg7 4. Bg2 Nc6 5. d3 d6 6. Qd2 {[%emt 0:01:00] A36: Symmetrical English vs ...g6: 4 Bg2 Bg7.} e6 {[%emt 0:01:31] [#]} 7. e3 $146 ({Predecessor:} 7. b3 Nge7 8. Bb2 O-O 9. h4 h6 10. Nf3 d5 11. cxd5 exd5 12. Na4 Bxb2 13. Nxb2 Kh7 {1-0 (47) So,W (2772)-Dominguez Perez,L (2758) Saint Louis 2021}) 7... Nge7 8. Nge2 {[%emt 0:00:03] The position is equal.} O-O 9. O-O a6 10. b3 b5 11. Bb2 Rb8 12. Rac1 h6 13. Rfd1 Qd7 14. Ne4 f5 $1 {[%emt 0:05:53] White must now prevent ...Bxb2.} 15. Bxg7 {[%emt 0:00:30] White is more active.} Kxg7 16. N4c3 e5 (16... bxc4 $14 17. dxc4 Rd8) 17. Nd5 Nxd5 18. cxd5 ({Don't take} 18. Bxd5 bxc4 19. dxc4 Nb4 $14) 18... Ne7 19. f4 Bb7 (19... exf4 $16 {keeps fighting.} 20. Nxf4 Qa7) 20. e4 $1 $18 Rbc8 21. Qb2 Qc7 (21... Kg8 {was called for.} 22. fxe5 dxe5) 22. fxe5 dxe5 23. d4 (23. Nf4 $18 {is more deadly. Ne6+ is the strong threat.} Rf6 24. Ne6+ Rxe6 25. dxe6) 23... fxe4 $16 {[%emt 0:01:09] [#]} 24. d6 $36 {[%emt 0:05:24][%mdl 2048] White is on the roll.} (24. Rxc5 Qb6 $11) 24... Qxd6 25. dxe5 Qb8 {[%emt 0:05:18] [#]} (25... Qb6 $16) 26. Nf4 $1 $18 {[%emt 0:04:34] Hoping for Rd7.} ({Weaker is} 26. Rd7 Rc7 $14) 26... Kg8 27. Rd7 {[%emt 0:02:03] Threatens to win with e6.} Rfe8 $2 (27... Rf7 28. Bh3 Bc6) 28. e6 {[%emt 0:01:03] Weighted Error Value: White=0.11 (very precise) /Black=0.29 (precise)} 1-0

[Event "EYTCC Open U18 2022"]
[Site "Thessaloniki"]
[Date "2022.07.18"]
[Round "7.11"]
[White "Palczert, Matyas"]
[Black "Ben Ari, Yannay"]
[Result "0-1"]
[ECO "B32"]
[WhiteElo "2321"]
[BlackElo "2411"]
[Annotator "TA"]
[PlyCount "63"]
[EventDate "2022.07.12"]
[EventType "team-tourn"]
[EventCountry "GRE"]
[SourceTitle "playchess.com"]
[Source "ChessBase"]
[SourceQuality "1"]
[WhiteTeam "Hungary"]
[BlackTeam "Israel"]
[WhiteTeamCountry "HUN"]
[BlackTeamCountry "ISR"]
[TimeControl "40/5400+30:1800+30"]

1. e4 c5 2. Nf3 Nc6 3. d4 cxd4 4. Nxd4 e5 5. Nb5 d6 6. N5c3 Nf6 7. Na3 Be6 {[%emt 0:02:40] B33: Sicilian: Pelikan and Sveshnikov Variations.} 8. Bg5 Be7 9. Nc4 O-O {[%emt 0:22:23][%cal Of6e4] White must now prevent ...Nxe4! The position is equal.} 10. Bxf6 Bxf6 11. Qxd6 Qc8 {[%emt 0:06:20] And now ...Rd8 would win.} 12. Qd2 Rd8 13. Nd5 Bxd5 14. exd5 Ne7 15. Ne3 Bg5 {[%emt 0:10:17][%cal Oe7d5] Threatens to win with ...Nxd5!} 16. c4 Nf5 17. Rc1 {[%emt 0:07:22] [#]} e4 $146 ({Black should try} 17... Qc5 $11 18. Rc3 Nh4) ({Predecessor:} 17... Qc5 18. Rc3 Rac8 19. Be2 b5 20. cxb5 Qb6 21. Qd3 Rxc3 22. bxc3 Nxe3 23. fxe3 Bxe3 24. Rf1 Bc5 25. Kd1 g6 26. g4 {½-½ (26) Brinkmann,W (2367)-Geissler,W (2315) GER email 2007}) 18. Be2 Nxe3 19. fxe3 Qc5 20. Rc3 Rd6 21. O-O (21. g3 {feels hotter.} Rb6 22. Kf2 a5 23. Rb1) 21... Rb6 22. Kh1 a5 23. Rd1 Rd8 24. b3 Rh6 25. Bg4 b6 26. Bh3 (26. g3 $11) 26... Rf6 {[%emt 0:00:47] Black is more active.} ({Black should play} 26... Bf6 $1 $15) 27. Qd4 (27. g3 {keeps more tension.} Rh6 28. Kg2 Bf6 29. Rcc1) 27... Qxd4 28. exd4 Rf2 $40 {[%emt 0:01:08][%mdl 128] Black is up to no good.} 29. c5 e3 (29... bxc5 $11 30. dxc5 Rxd5 $1) 30. Re1 $1 $14 {[%emt 0:02:04] Strongly threatening c6.} (30. cxb6 e2 31. Rg1 Rf1 32. g3 Rxg1+ 33. Kxg1 e1=Q+ 34. Bf1 Qxc3 35. Kg2 Qc2+ 36. Kh3 Rd6) 30... bxc5 31. Rxc5 {[%emt 0:00:53][%mdl 8192] [#]} (31. dxc5 $14 {was the only good move.} Rxd5 32. c6) 31... e2 $1 $19 {[%emt 0:00:28] ( -> ...Rf1+)} 32. d6 $2 {Weighted Error Value: White=0.34/Black=0.18 (very precise)} (32. Kg1 $2 {is a self mate.} Rf1+ 33. Rxf1 Be3+ 34. Kh1 exf1=Q#) (32. g3 $19 Bd2 33. Rcc1) 0-1

[Event "EYTCC Open U18 2022"]
[Site "Thessaloniki"]
[Date "2022.07.18"]
[Round "7.12"]
[White "Milikow, Elie"]
[Black "Pasztor, Balazs"]
[Result "1-0"]
[ECO "B90"]
[WhiteElo "2433"]
[BlackElo "2336"]
[Annotator "TA"]
[PlyCount "95"]
[EventDate "2022.07.12"]
[EventType "team-tourn"]
[EventCountry "GRE"]
[SourceTitle "playchess.com"]
[Source "ChessBase"]
[SourceQuality "1"]
[WhiteTeam "Israel"]
[BlackTeam "Hungary"]
[WhiteTeamCountry "ISR"]
[BlackTeamCountry "HUN"]
[TimeControl "40/5400+30:1800+30"]

1. e4 c5 2. Nf3 d6 3. d4 cxd4 4. Nxd4 Nf6 5. Nc3 a6 6. f3 e5 7. Nb3 Be6 8. Nd5 Bxd5 9. exd5 Nbd7 10. Be3 h5 {[%emt 0:01:29] B90: Sicilian Najdorf: Unusual White 6th moves, 6 Be3 Ng4 and 6 Be3 e5.} 11. Be2 g6 12. Qd2 Bg7 {[%emt 0:00:41] The position is equal.} 13. O-O b6 14. a4 a5 (14... O-O $11) 15. Bb5 O-O 16. Rad1 Nc5 {[%emt 0:11:20] [#]} 17. Qf2 $146 ({Predecessor:} 17. Nxc5 bxc5 18. c3 e4 19. Bg5 Qb6 20. Bxf6 Bxf6 21. Qf4 Kg7 22. Qxe4 Ra7 23. Rde1 {½-½ (31) Sandor,T (1864)-Kuzmin,Y (2270) Corund 2017}) 17... Nfd7 (17... Qc7 $14) 18. Nd2 $16 Qc7 19. c3 f5 20. Nc4 f4 21. Bxc5 Nxc5 22. Bc6 Nxa4 23. Na3 $18 Nc5 24. Nb5 Qe7 25. b4 Nb7 26. Qxb6 Rfb8 27. Bxb7 {[%emt 0:07:48] 0x0.00144b51646adp-1022s more active pieces.} ({White should try} 27. Qc7 $1 Qxc7 28. Nxc7) 27... Rxb7 $16 28. Qxd6 axb4 29. Qxe7 (29. cxb4 Qxd6 30. Nxd6 Rxb4 $14) 29... Rxe7 30. d6 (30. cxb4 Rb7 31. Nc3 Rxb4 $14) 30... Rb7 31. Nc7 $36 {[%emt 0:01:34][%mdl 2048] White is in control.} Rc8 {[%emt 0:00:36] [#]} 32. c4 ({Much weaker is} 32. d7 $6 Rd8 33. Ne6 Rdxd7 34. Rxd7 Rxd7 35. cxb4 Bf6 $11) (32. Ne6 $1 $16 {aiming for d7.} Rd7 33. cxb4) 32... Rbxc7 (32... Kf7 $11 {remains equal.}) 33. dxc7 Rxc7 $11 {[%emt 0:00:08][%mdl 4096] Endgame KRR-KRB} 34. Rd8+ Kf7 (34... Bf8 $16 {was called for.}) 35. Rc1 $2 ({White should play} 35. Rfd1 $18) 35... Bf8 (35... e4 $1 $11 {keeps the balance.}) 36. Kf1 b3 {[%emt 0:00:35] [#]} (36... Bc5 $16) 37. Rb8 $1 $18 b2 38. Rc3 ({Worse is} 38. Rxb2 Ba3 39. Rbc2 Bxc1 40. Rxc1 h4 $11) (38. Rc2 $18 {has better winning chances.}) 38... Bc5 39. Rcb3 {[%emt 0:00:19] Black must now prevent R8b7.} ({Much worse is} 39. Rxb2 $6 Bd4 40. Rbc2 Bxc3 41. Rxc3 Ra7 $11) 39... Rc6 {[%emt 0:01:10] Black cannot hold the game after this.} (39... Bd4 $16 {might work better.}) 40. Rxb2 Bd4 41. Rc2 Ra6 42. Ke2 Ke6 $2 (42... Rc6 43. Kd3 Kf6) 43. c5 {[%emt 0:00:51][%cal Ob8b6] Rb6+! is the strong threat. White is clearly winning.} Kd7 44. c6+ Rxc6 45. Rb7+ Kd6 46. Rxc6+ Kxc6 47. Rg7 Kd5 48. Rxg6 {[%emt 0:00:07] Weighted Error Value: White=0.22 (precise) /Black=0.46} 1-0

[Event "EYTCC Open U18 2022"]
[Site "Thessaloniki"]
[Date "2022.07.18"]
[Round "7.13"]
[White "Budisavljevic, Luka"]
[Black "Zeneli, Klendi"]
[Result "1-0"]
[ECO "A05"]
[WhiteElo "2511"]
[BlackElo "1921"]
[Annotator "TA"]
[PlyCount "71"]
[EventDate "2022.07.12"]
[EventType "team-tourn"]
[EventCountry "GRE"]
[SourceTitle "playchess.com"]
[Source "ChessBase"]
[SourceQuality "1"]
[WhiteTeam "Serbia"]
[BlackTeam "Albania"]
[WhiteTeamCountry "SRB"]
[BlackTeamCountry "ALB"]
[TimeControl "40/5400+30:1800+30"]

1. Nf3 Nf6 2. d4 d5 3. c4 e6 4. e3 c6 5. Bd3 Nbd7 6. O-O Be7 7. b3 b6 8. Bb2 Bb7 9. Nbd2 O-O 10. Qe2 c5 11. Rfd1 Rc8 {[%emt 0:04:47] D30: Queen's Gambit Declined: Systems without Nc3.} 12. Ne5 Bd6 13. Ndf3 {[%emt 0:05:49] [#]} Qe7 $146 {[%emt 0:00:43] The position is equal.} ({Predecessor:} 13... Qc7 14. Nxd7 Qxd7 15. dxc5 bxc5 16. Bxf6 gxf6 17. cxd5 Bxd5 18. Nd2 Qc6 19. e4 Qc7 20. exd5 Bxh2+ {1-0 (57) Agadzhanian,G (1448)-Burnside,J Gold Coast 2020}) 14. Nxd7 Nxd7 15. cxd5 Bxd5 16. Ba6 (16. e4 $14 Ba8 17. e5) 16... Rcd8 $11 17. e4 Ba8 18. e5 Bb8 19. Ba3 f6 20. Bc4 fxe5 21. Nxe5 Nxe5 22. dxe5 Bd5 {[%emt 0:08:03] White should prevent ...Qg5.} 23. Bb2 Rf5 (23... Bc7 {keeps more tension.} 24. Rac1 Qg5 25. g3 Bxc4 26. Qxc4 Qf5) 24. Rd3 Rdf8 25. Rf1 {[%emt 0:00:52] [#]} ({Avoid the trap} 25. Bxd5 $2 exd5 26. Re3 (26. Rxd5 $2 Rxf2 27. Qc4 b5 $19) 26... d4 $17) (25. f3 $5 ) 25... Rd8 (25... Bxg2 $1 $15 {keeps the upper hand.} 26. Kxg2 b5) 26. f4 ({Better is} 26. Rfd1 $1 $16) 26... Rff8 $14 27. Rh3 Qf7 $2 {[%emt 0:01:25] [#]} (27... Bxc4 $11 {and Black has nothing to worry.} 28. Qxc4 (28. bxc4 Qd7 $11) 28... Qd7) 28. Bd3 $1 $18 g6 {[%emt 0:01:10] [#]} 29. Rg3 $2 (29. f5 $1 $18) 29... Qe8 (29... Kh8 $16 {might work better.}) 30. h4 {[%emt 0:00:25][%cal Bh2h4,Bh4h5][%mdl 32] h5 is the strong threat.} Rf7 $2 (30... Bc6 31. Rf2 (31. h5 Rxd3 32. Qxd3 Bb5 $14) 31... Rxd3 32. Qxd3 (32. Rxd3 Bb5 $14) 32... Rf5) 31. h5 Rg7 32. Qg4 Rdd7 33. hxg6 {[%emt 0:01:09] White is clearly winning.} hxg6 34. Bxg6 Qd8 (34... Qxg6 $142 35. Qxg6 Rxg6 36. Rxg6+ Rg7) 35. Qh5 {[%emt 0:00:06] Intending f5 and mate.} Be4 36. f5 {[%emt 0:01:21] Weighted Error Value: White=0.25 (precise) /Black=0.57} 1-0

[Event "EYTCC Open U18 2022"]
[Site "Thessaloniki"]
[Date "2022.07.18"]
[Round "7.14"]
[White "Xhembulla, Aleksander"]
[Black "Tadic, Stefan"]
[Result "0-1"]
[ECO "B31"]
[WhiteElo "1909"]
[BlackElo "2356"]
[Annotator "TA"]
[PlyCount "56"]
[EventDate "2022.07.12"]
[EventType "team-tourn"]
[EventCountry "GRE"]
[SourceTitle "playchess.com"]
[Source "ChessBase"]
[SourceQuality "1"]
[WhiteTeam "Albania"]
[BlackTeam "Serbia"]
[WhiteTeamCountry "ALB"]
[BlackTeamCountry "SRB"]
[TimeControl "40/5400+30:1800+30"]

1. e4 c5 2. Nf3 Nc6 3. Bb5 g6 4. O-O Bg7 5. c3 Nf6 6. Re1 O-O 7. d4 cxd4 8. cxd4 d5 9. e5 Ne8 10. Nc3 Nc7 $1 {[%emt 0:05:44] 10...Nc7 is better than 10...Bg4.} 11. Bxc6 bxc6 12. h3 Ne6 {[%emt 0:09:38] B31: Sicilian: 2...Nc6 3 Bb5 g6.} 13. b3 f6 14. exf6 (14. Ba3 $16) 14... exf6 $11 {[%emt 0:04:12] White has an edge.} 15. Na4 {[%emt 0:06:15] [#]} f5 $146 (15... Bd7 $11) ({Predecessor:} 15... Qd6 16. Nc5 Nf4 17. Bxf4 Qxf4 18. Ne6 Bxe6 19. Rxe6 Rac8 20. Rc1 Bh6 21. Rcxc6 Rxc6 22. Rxc6 {1-0 (59) Degraeve,J (2537)-Kuhn,C (2066) Menton 2019}) 16. Ne5 f4 17. Nxc6 {[%emt 0:04:03] Pair of Knights!} (17. Ba3 $16 Bxe5 18. Rxe5) 17... Qh4 $1 18. Qg4 Qxg4 19. hxg4 Nxd4 20. Ne7+ (20. Nxd4 $11 {was the only way to keep the balance.} Bxd4 21. Bb2 Bxb2 22. Nxb2) 20... Kh8 $17 {[%emt 0:02:44] And now ...Nc2 would win.} 21. Rb1 (21. Nxc8 $17 {was necessary.} Nc2 22. Rd1 Bxa1 23. Nd6) 21... Bxg4 $19 {[%emt 0:01:37] aiming for ...f3.} 22. Bb2 {[%emt 0:10:09] [#]} Ne2+ 23. Kh2 $2 (23. Kf1 {keeps fighting.} f3 24. Bxg7+ Kxg7 25. gxf3 Bxf3 26. Nxd5 (26. Rxe2 $2 Bxe2+ 27. Kxe2 Rae8 $19)) 23... f3 24. Bxg7+ Kxg7 25. Nc5 $2 (25. gxf3 Bxf3 26. Nc5) 25... Rae8 {[%emt 0:01:28] Black is clearly winning.} ({Worse is} 25... fxg2 26. Rxe2 Bxe2 27. Ne6+ Kf7 28. Nxf8 $17) 26. gxf3 Rxe7 27. fxg4 Rxf2+ 28. Kh1 Re3 {[%emt 0:00:02] Weighted Error Value: White=0.63/Black=0.08 (flawless)} 0-1

[Event "EYTCC Open U18 2022"]
[Site "Thessaloniki"]
[Date "2022.07.18"]
[Round "7.15"]
[White "Ivanovic, Marko"]
[Black "Ramaj, Ergit"]
[Result "1-0"]
[ECO "A45"]
[WhiteElo "2310"]
[BlackElo "1980"]
[Annotator "TA"]
[PlyCount "53"]
[EventDate "2022.07.12"]
[EventType "team-tourn"]
[EventCountry "GRE"]
[SourceTitle "playchess.com"]
[Source "ChessBase"]
[SourceQuality "1"]
[WhiteTeam "Serbia"]
[BlackTeam "Albania"]
[WhiteTeamCountry "SRB"]
[BlackTeamCountry "ALB"]
[TimeControl "40/5400+30:1800+30"]

1. d4 Nf6 2. Bf4 g6 3. Nc3 d5 4. e3 Bg7 5. h4 O-O 6. h5 {[%emt 0:01:59] A45: Trompowsky Attack.} a6 (6... c5 $11) 7. hxg6 $14 hxg6 {[%emt 0:00:33][%cal Oc7c5] [#]} 8. Qf3 $146 {[%emt 0:01:27] White is better.} ({Predecessor:} 8. Bd3 Nc6 9. Qd2 Re8 10. O-O-O b5 11. f3 e6 12. g4 Ne7 13. Qh2 c6 14. Bh6 {1-0 (31) Piecha,L (1637)-Thatte,N (1284) London 2019}) 8... c5 9. Qg3 {[%emt 0:04:58] White is more active.} cxd4 10. exd4 Nc6 11. Nf3 (11. O-O-O $14) 11... Qb6 (11... Bf5 $11) 12. O-O-O $16 {[%emt 0:03:09] aiming for Qh4.} Bg4 (12... Bf5 $16 {was worth a try.}) 13. Be5 (13. Bc7 $1 $18 Qa7 14. Be5 Bxf3 15. gxf3 (15. Qxf3 b5 $14)) 13... Bh5 (13... Bxf3 $16 14. Qxf3 Rfd8) 14. Bxf6 $18 exf6 15. Nxd5 Qa5 16. Bc4 {[%emt 0:06:38][%cal Oh1h5] Rxh5! is the strong threat.} Rad8 {[%emt 0:04:15] [#]} 17. Rxh5 gxh5 18. Nxf6+ {[%emt 0:00:07] Pair of Knights!} Kh8 19. Rh1 Bxf6 $16 20. Ne5 $1 Bg7 (20... h4 {is a self mate.} 21. Rxh4+ Bxh4 22. Qxh4+ Kg8 23. Qg5+ Kh7 24. Bd3+ f5 25. Bxf5+ Rxf5 26. Qxf5+ Kh8 27. Qf6+ Kg8 28. Qf7+ Kh8 29. Ng6#) 21. Rxh5+ (21. Nxf7+ $16 Rxf7 22. Bxf7 Bh6+ 23. f4) 21... Kg8 $11 22. c3 $2 (22. b4 $1 $11 {and White has nothing to worry.} Qxb4 23. Qg6 Qe1+ 24. Kb2 Qb4+ 25. Kc1 Qe1+ 26. Kb2 Qb4+ 27. Kc1) 22... Nxe5 $19 23. Rg5 {[%emt 0:01:06] [#]} Nxc4 $2 (23... Qb6 $1 $19 24. Qxe5 (24. Rxg7+ $2 Kh8 $19) 24... Qh6) 24. Rxg7+ $40 {[%emt 0:00:19][%mdl 128] White attacks.} Kh8 25. Rg4 {[%emt 0:02:12] Threatening mate with Rh4+. The board is on fire.} Rd5 $2 (25... Qh5 $11 26. Rh4 Qxh4 27. Qxh4+ Kg7) 26. Qh4+ Rh5 27. Qf6+ {[%emt 0:00:02] Weighted Error Value: White=0.30/Black=0.78} 1-0

[Event "EYTCC Open U18 2022"]
[Site "Thessaloniki"]
[Date "2022.07.18"]
[Round "7.16"]
[White "Boci, Petro"]
[Black "Ljepic, Andrej"]
[Result "1/2-1/2"]
[ECO "B32"]
[WhiteElo "1709"]
[BlackElo "2234"]
[Annotator "TA"]
[PlyCount "92"]
[EventDate "2022.07.12"]
[EventType "team-tourn"]
[EventCountry "GRE"]
[SourceTitle "playchess.com"]
[Source "ChessBase"]
[SourceQuality "1"]
[WhiteTeam "Albania"]
[BlackTeam "Serbia"]
[WhiteTeamCountry "ALB"]
[BlackTeamCountry "SRB"]
[TimeControl "40/5400+30:1800+30"]

1. e4 c5 2. Nf3 Nc6 3. d4 cxd4 4. Nxd4 e5 5. Nb5 a6 6. Nd6+ Bxd6 7. Qxd6 Qe7 8. Qd1 Nf6 9. Nc3 d6 10. Be2 {[%emt 0:03:01] B32: Sicilian: Löwenthal and Kalashnikov Variations.} Be6 11. O-O O-O 12. Be3 {[%emt 0:01:08] White has an edge.} Rac8 13. Bf3 {[%emt 0:07:24] [#]} Na5 $146 ({Predecessor:} 13... Qc7 14. Rc1 h6 15. Nd5 Bxd5 16. exd5 Ne7 17. c4 Nf5 18. Bg4 Nxg4 19. Qxg4 Nxe3 20. fxe3 {½-½ (32) Om,K (2080)-Klasan,V (2364) Paracin 2018}) 14. Na4 Nc4 15. Nb6 Nxb6 16. Bxb6 Rc6 17. Be3 Rd8 18. Qd2 (18. Bg5 $11) 18... d5 19. Rfd1 Rd7 20. exd5 Bxd5 21. Bxd5 Rxd5 22. Qe2 h6 23. a3 Qe6 24. h3 b5 25. Rxd5 Nxd5 26. Rd1 f5 27. Re1 e4 28. Bd4 Qg6 {[%emt 0:00:35] [#] And now ...Nf4 would win.} (28... Nf4 $5 29. Qd2 Qd6 $15) 29. Qd2 {[%emt 0:03:25][%cal Od4g7] Prevents Nf4.} Nc7 30. Be5 Ne6 31. Kh2 Kh7 32. Re2 {[%emt 0:04:20] The position is equal.} Ng5 {[%emt 0:00:47][%cal Og5f3] [#] White must now prevent ...Nf3+!} 33. Qf4 {[%emt 0:02:15] Inhibits Nf3+.} Rc5 {[%emt 0:02:05][%cal Oc5e5] aiming for ...Rxe5!} 34. Bc3 Rd5 35. Re1 (35. Rd2 $5 Ne6 36. Qb8 $11) 35... Ne6 36. Qe3 (36. Qb8 {is interesting.} Nd4 37. Re3 Qf6 38. Re2) 36... Qg5 37. Qxg5 Nxg5 $11 {[%emt 0:00:01][%mdl 4096] Endgame KRB-KRN} 38. h4 Nf7 39. Kg3 g5 40. hxg5 hxg5 41. a4 Kg6 42. axb5 axb5 43. Kh3 g4+ 44. Kh4 Nd8 45. f3 gxf3 46. gxf3 e3 {Weighted Error Value: White=0.09 (flawless) /Black=0.08 (flawless)} (46... exf3 $11 {remains equal.} 47. Kg3 Kf7) 1/2-1/2

[Event "EYTCC Open U18 2022"]
[Site "Thessaloniki"]
[Date "2022.07.18"]
[Round "7.17"]
[White "Morgunov, Marc"]
[Black "Herega, Nejc"]
[Result "1-0"]
[ECO "B93"]
[WhiteElo "2376"]
[BlackElo "2160"]
[Annotator "TA"]
[PlyCount "67"]
[EventDate "2022.07.12"]
[EventType "team-tourn"]
[EventCountry "GRE"]
[SourceTitle "playchess.com"]
[Source "ChessBase"]
[SourceQuality "1"]
[WhiteTeam "Austria"]
[BlackTeam "Slovenia"]
[WhiteTeamCountry "AUT"]
[BlackTeamCountry "SLO"]
[TimeControl "40/5400+30:1800+30"]

1. e4 c5 2. Nf3 d6 3. d4 cxd4 4. Nxd4 Nf6 5. Nc3 a6 6. f4 e5 7. Nb3 Nbd7 {[%emt 0:02:05] 7...Nc6 is the fancy move. B93: Sicilian Najdorf: 6 f4.} 8. g4 h6 9. g5 hxg5 {[%emt 0:01:47] White is slightly better.} 10. fxg5 Nh5 11. Qf3 Nb6 12. Be3 $36 {[%emt 0:04:15][%mdl 2048] White is really pushing.} Be6 13. O-O-O g6 ({Better is} 13... Rc8) 14. Nc5 $1 $16 {[%emt 0:11:01] [#]} Be7 $146 ({Predecessor:} 14... Ng7 15. Nxb7 Qc7 16. Na5 Na4 17. Nxa4 Qxa5 18. b3 Rb8 19. Bd2 Qc7 20. Qc3 Qb7 {1-0 (27) Oberhofer,C (2222)-Spiess,M (2118) Rosenheim 2017}) 15. Nxe6 {[%emt 0:07:26] White is much more active. The black rooks are badly placed.} (15. Nxb7 $6 Qc7 16. Na5 Rb8 $16) 15... fxe6 16. Qh3 Kf7 17. Qg4 {[%emt 0:00:53] Hoping for h4.} Nf4 (17... Rc8 $142 18. Be2 (18. Bh3 Kg7 $14) 18... Ng7) 18. Bxf4 $18 exf4 19. Qxf4+ (19. Bh3 e5 $14) (19. e5 $18 {and the rest is easy.}) 19... Kg7 $16 20. Kb1 Rc8 21. e5 Rxc3 {[%emt 0:07:22] [#]} 22. Qd4 $1 (22. bxc3 $6 Nd5 23. Rxd5 (23. Qd4 Bxg5 24. Bc4 dxe5 $15) 23... exd5 $16) 22... d5 (22... Rc6) 23. Qxc3 $18 Na4 24. Qd4 Qa5 25. Bd3 (25. h4 $142) 25... Bc5 26. Qg4 (26. Qf4 Rf8 27. Qh4 Qb4 28. Qxb4 (28. Qh6+ Kf7 $11) 28... Bxb4 $18) 26... Re8 (26... Nxb2 27. Qxe6 (27. Kxb2 {leads to mate.} Ba3+ 28. Kb1 Qb6+) 27... Nxd1 28. Qf6+ (28. Rxd1 Qb4+ 29. Kc1 Be3+) (28. Qxg6+ Kf8 $16) 28... Kg8 29. Qxg6+ (29. Rxd1 {gets mated.} Qb4+ 30. Kc1 Be3+) 29... Kf8 30. Qf6+ (30. Rxd1 Qb4+ 31. Kc1 Be3+) 30... Kg8 31. Qe6+ (31. Rxd1 Qb4+ 32. Kc1 Be3+) 31... Kf8 32. Qf6+ (32. Rxd1 Qb4+ 33. Kc1 Be3+) (32. Qc8+ Ke7 $16) 32... Kg8 33. Qe6+ (33. Rxd1 Qb4+ 34. Kc1 Be3+) 33... Kf8 34. Qc8+ (34. Rxd1 Qb4+ 35. Kc1 Be3+) 34... Ke7 35. Qxb7+ (35. Qxh8 $2 Qb4+ 36. Kc1 Be3+ 37. Kxd1 Qd2#) 35... Ke6 36. Qc6+ (36. Rxd1 Qb4+ 37. Qxb4 Bxb4 $16) 36... Ke7 37. Qb7+ (37. Rxd1 Qb4+ 38. Kc1 Be3+) (37. Qf6+ Kd7 $11) 37... Ke6 38. Rxd1 (38. Qc6+ Ke7 $16) 38... Qb4+ 39. Qxb4 Bxb4) 27. Rhf1 Nc3+ 28. bxc3 Ba3 29. Qd4 {[%emt 0:00:38] [#] White threatens Rf6 and mate.} Rh8 30. Rf6 {[%emt 0:03:47] White wants to mate with Qf2.} Rh4 31. Rxg6+ {[%emt 0:00:04] White mates.} Kf8 32. Qf2+ Ke8 33. Rg8+ Kd7 34. Qf7+ {[%emt 0:00:14] Weighted Error Value: White=0.16 (very precise) /Black=0.52} 1-0

[Event "EYTCC Open U18 2022"]
[Site "Thessaloniki"]
[Date "2022.07.18"]
[Round "7.18"]
[White "Olenik Campa, Rudi"]
[Black "Kristoferitsch, Daniel"]
[Result "0-1"]
[ECO "B40"]
[WhiteElo "2203"]
[BlackElo "2312"]
[Annotator "TA"]
[PlyCount "94"]
[EventDate "2022.07.12"]
[EventType "team-tourn"]
[EventCountry "GRE"]
[SourceTitle "playchess.com"]
[Source "ChessBase"]
[SourceQuality "1"]
[WhiteTeam "Slovenia"]
[BlackTeam "Austria"]
[WhiteTeamCountry "SLO"]
[BlackTeamCountry "AUT"]
[TimeControl "40/5400+30:1800+30"]

1. e4 c5 2. Nf3 e6 3. c4 Nc6 4. Be2 g5 5. d3 h6 6. Nc3 {[%emt 0:00:29] B40: Sicilian: 2...e6, Unusual lines.} Bg7 7. h4 g4 8. Nd2 {[%emt 0:00:22] The position is equal.} h5 9. Nb3 b6 {[%emt 0:00:10] [#]} 10. Bg5 $146 ({Predecessor:} 10. Be3 Nd4 11. f3 Bb7 12. Qd2 Bc6 13. O-O-O a5 14. Na1 Rb8 15. Nc2 b5 16. cxb5 Nxb5 17. Nxb5 Bxb5 {1-0 (40) Steiger,W-Goehring,D freechess.de 2020}) 10... Qc7 11. Qd2 a6 12. a4 ({White should play} 12. O-O-O $14) 12... Nge7 $15 13. a5 bxa5 14. Bd1 ({But not} 14. Nxc5 Nd4 15. N5a4 Nb3 $17) 14... d6 15. Ne2 (15. Ra3 $15) 15... Ng6 (15... Rb8 $17 16. Nc3 Rb4) 16. Be3 (16. Nxa5 $11 Nxa5 17. Rxa5) 16... Bd7 (16... Rb8 $17 17. d4 cxd4 18. Nbxd4 Bd7) 17. Nxa5 Nxa5 (17... Rb8 {with more complications.} 18. Nxc6 Rxb2 19. Qa5 Qxc6 20. Qxa6 Bf6) 18. Qxa5 {[%emt 0:00:54] White is now going downhill.} (18. Rxa5 $15 Bxb2 19. O-O) 18... Qxa5+ $17 19. Rxa5 Bxb2 20. Kd2 Bg7 21. Bc2 Kd8 22. Nf4 Ne7 23. Rb1 Kc7 {Inhibits Rb6.} 24. Ra3 Ra7 25. Ke1 Be5 26. Ne2 Nc6 {[%emt 0:05:33] Prevents d4.} 27. Bd2 Rha8 28. Ba4 a5 29. Bxc6 Bxc6 30. Bc3 Bxc3+ 31. Nxc3 a4 32. Kd2 Rb7 33. Rxb7+ Kxb7 {[%emt 0:00:02][%mdl 4096] Endgame KRB-KRN} 34. Ke3 (34. Ra1 $17) 34... Kb6 $19 35. d4 $2 (35. Ra1 {was called for.}) 35... cxd4+ 36. Kxd4 e5+ 37. Kd3 Kc5 38. Ra2 Ra7 39. f3 (39. Ra1 {was necessary.}) 39... gxf3 40. gxf3 a3 41. Rg2 Bd7 {[%emt 0:05:59] [#] Threatens to win with ...Be6.} 42. Na2 Be6 43. Rc2 Ra4 44. Nc3 Bxc4+ 45. Kd2 Ra8 46. Na2 Kd4 {[%emt 0:00:38] [#] ( -> ...Bb3)} 47. Ke1 Bxa2 {[%emt 0:00:15] Weighted Error Value: White=0.79/Black=0.18 (very precise)} 0-1